 Dungeon Crawl Stone Soup version 0.29-a0-495-g17b79114eb (webtiles) character file.

Game seed: 2459787093268640573

3740 pokeman the Thaumaturge (level 9, -2/50 HPs)
             Began as a Deep Elf Hedge Wizard on May 28, 2022.
             Was a Follower of Vehumet.
             Shot with an arrow by a centaur warrior (4 damage)
             ... on level 8 of the Dungeon.
             The game lasted 00:20:02 (9673 turns).

pokeman the Thaumaturge (Deep Elf Hedge Wizard)     Turns: 9673, Time: 00:20:02

Health: -2/50      AC: 11    Str:  7    XL:     9   Next: 93%
Magic:  24/27      EV: 13    Int: 24    God:    Vehumet [*.....]
Gold:   553        SH:  0    Dex: 14    Spells: 3/32 levels left

rFire   . . .      SeeInvis .   n - +1 whip (elec)
rCold   . . .      Faith    .   (no shield)
rNeg    . . .      Spirit   .   O - +0 steam dragon scales
rPois   +          Reflect  .   l - +0 helmet
rElec   .          Harm     .   B - +2 cloak
rCorr   .          Rampage  .   (no gloves)
Will    .....                   J - +0 pair of boots
Stlth   ++........              (no amulet)
HPRegen 0.16/turn               x - ring of poison resistance
MPRegen 0.20/turn               (no ring)

@: no status effects
A: no striking features
a: Renounce Religion


You were on level 8 of the Dungeon.
You worshipped Vehumet.
Vehumet was aware of your devotion.
You visited 2 branches of the dungeon, and saw 9 of its levels.

You collected 553 gold pieces.

Inventory:

Hand Weapons
 b - a +0 shortbow
 n - a +1 whip of electrocution (weapon)
 A - a +4 quarterstaff of chaos
Armour
 l - a +0 helmet (worn)
 B - a +2 cloak (worn)
 J - a +0 pair of boots (worn)
 N - +0 acid dragon scales
 O - +0 steam dragon scales (worn)
Magical Staves
 E - a staff of conjuration
Jewellery
 x - a ring of poison resistance (left hand)
 L - a ring of fire
 M - a ring of resist corrosion
Wands
 p - a wand of digging (5)
 r - a wand of mindburst (9)
 v - a wand of iceblast (9)
Scrolls
 a - 3 scrolls of fear {unknown}
 e - 5 scrolls of teleportation {unknown}
 i - 8 scrolls of identify {unknown}
 j - 3 scrolls of noise {unknown}
 k - 2 scrolls of amnesia {unknown}
 m - a scroll of silence {unknown}
 q - a scroll of acquirement {unknown}
 u - a scroll of immolation {unknown}
 w - a scroll of enchant weapon {unknown}
 y - 2 scrolls of magic mapping {unknown}
 z - a scroll of blinking {unknown}
 C - a scroll of torment {unknown}
 G - 2 scrolls of brand weapon {unknown}
 H - a scroll of fog {unknown}
 I - 3 scrolls of vulnerability {unknown}
 K - a scroll of poison {unknown}
Potions
 c - 2 potions of heal wounds {unknown}
 d - 2 potions of magic
 f - 3 potions of cancellation {unknown}
 g - 2 potions of mutation {unknown}
 h - 4 potions of curing {unknown}
 o - 3 potions of lignification {unknown}
 s - 3 potions of haste {unknown}
 t - 2 potions of invisibility {unknown}
 D - 3 potions of might {unknown}
 F - 2 potions of degeneration {unknown}
 P - a potion of brilliance {unknown}


   Skills:
 - Level 3.0 Fighting
 + Level 3.3 Armour
 - Level 3.1 Dodging
 - Level 3.1 Stealth
 * Level 12.0 Spellcasting
 + Level 8.1 Conjurations
 - Level 1.1 Summonings
 - Level 1.1 Translocations
 + Level 5.7 Fire Magic
 - Level 1.0 Air Magic
 - Level 1.2 Poison Magic
 - Level 1.0 Evocations


You had 3 spell levels left.
You knew the following spells:

 Your Spells              Type           Power      Damage    Failure   Level
a - Magic Dart            Conj           100%       1d8       1%          1
b - Mephitic Cloud        Conj/Pois/Air  31%        N/A       3%          3
c - Call Imp              Summ           19%        N/A       4%          2
d - Blink                 Tloc           38%        N/A       4%          2
e - Conjure Flame         Conj/Fire      47%        6-21      1%          3
f - Foxfire               Conj/Fire      100%       2x1d9     1%          1
g - Orb of Destruction    Conj           26%        9d9       77%         7
h - Swiftness             Air            19%        N/A       9%          3
i - Shock                 Conj/Air       100%       1d9       1%          1
j - Starburst             Conj/Fire      23%        6d8       36%         6

Your spell library contained the following spells:

 Spells                   Type           Power      Damage    Failure   Level
 Static Discharge         Conj/Air       36%        N/A       1%          2
 Dazzling Flash           Conj/Hex       68%        N/A       2%          3
 Beastly Appendage        Tmut           28%        N/A       4%          1
 Freeze                   Ice            56%        1d7       4%          1
 Slow                     Hex            56%        N/A       4%          1
 Ignite Poison            Fire/Tmut/Pois 25%        N/A       4%          3
 Wereblood                Tmut           14%        N/A       6%          2
 Gell's Gravitas          Tloc           19%        N/A       9%          3
 Lesser Beckoning         Tloc           19%        N/A       9%          3
 Teleport Other           Tloc           19%        N/A       9%          3
 Spider Form              Tmut/Pois      17%        N/A       10%         3
 Summon Guardian Golem    Hex/Summ       17%        N/A       11%         3
 Confusing Touch          Hex            14%        N/A       13%         3
 Frozen Ramparts          Ice            28%        1d4       13%         3
 Sticky Flame             Conj/Fire      47%        2d6       2%          4
 Iskenderun's Mystic Bla  Conj/Tloc      36%        2d9       6%          4
 Fulminant Prism          Conj/Hex       17%        3d11      8%          4
 Hailstorm                Conj/Ice       34%        3d9       8%          4
 Airstrike                Air            9%         N/A       26%         4
 Passage of Golubria      Tloc           19%        N/A       26%         4
 Dispel Undead            Necr           14%        3d10      38%         4
 Alistair's Intoxication  Tmut/Pois      11%        N/A       67%         5
 Borgnjor's Vile Clutch   Necr/Erth      7%         N/A       75%         5
 Yara's Violent Unravell  Hex/Tmut       7%         3d5       75%         5
 Eringya's Noxious Bog    Tmut/Pois      8%         N/A       99%         6
 Spellforged Servitor     Conj/Summ      18%        N/A       99%         7
 Enfeeble                 Hex            7%         N/A       100%        7


Dungeon Overview and Level Annotations

Branches:
Dungeon (8/15)             Temple (1/1) D:4
   Lair: D:8-11

Altars:
Ashenzari
Cheibriados
Dithmenos
Elyvilon
Gozag
Hepliaklqana
Kikubaaqudgha
Makhleb
Nemelex Xobeh
Sif Muna
Trog
Uskayaw
Vehumet
Wu Jian
Xom
Yredelemnul
Zin
The Shining One

Annotations:
D:5 3 runed translucent doors, Gelos's ghost, amateur HOMo
D:6 3 runed translucent doors, IdlyInterested's ghost, novice DsGl; jlumianski's ghost, novice SpDe


Message History

You start memorising the spell.
You continue memorising. x6
You finish memorising.
Spell assigned to 'j'.
Adjust (i)tems, (s)pells, or (a)bilities?
Adjust which spell? f - Shock Adjust to which letter? i - Shock; f - Foxfire
Found an escape hatch in the floor.
There is an open door here.
There is a stone staircase leading down here.
A centaur warrior comes into view.
It is wielding a +0 spear and wearing the ring "Quvvung" {rPois Int+6 Dex+2}.
Casting: Magic Dart (safe; 1% risk of failure)
Confirm with . or Enter, or press ? or * to list all spells.
You can't see any susceptible monsters within range! (Use Z to cast anyway.)
Casting: Magic Dart (safe; 1% risk of failure)
Confirm with . or Enter, or press ? or * to list all spells.
Aiming: Mephitic Cloud (dangerous; 3% risk of failure)
Press: ? - help, Shift-Dir - straight line The ball explodes into a vile cloud!
The stinking cloud engulfs the boulder beetle but does no damage.
The stinking cloud engulfs the centaur warrior but does no damage.
The centaur warrior shouts!
You hear a shout!
The centaur warrior unwields a +0 spear.
The centaur warrior wields a +0 shortbow.
The centaur warrior shoots an arrow.
The arrow hits you!
The boulder beetle is engulfed in noxious fumes.
The boulder beetle appears confused.
The centaur warrior shoots an arrow.
The arrow hits you!
Unknown command.
The centaur warrior shoots an arrow.
The arrow hits you!!
* * * LOW HITPOINT WARNING * * *
The boulder beetle is engulfed in noxious fumes.
The boulder beetle appears confused.
Unknown command.
The centaur warrior shoots an arrow.
The arrow hits you.
* * * LOW HITPOINT WARNING * * *
The boulder beetle is engulfed in noxious fumes.
The boulder beetle appears confused.
The centaur warrior shoots an arrow.
The arrow hits you.
You die...

....###...#..........#
....# #...#..........#
###.# ##'##..........#
..#.# #..#..........#
♣.#.#####.#..........#
#.............>#####
♣.#######...####.# ..
##..####.### ##
#...##..@..# ≈♣#
#...##.....# ≈≈#
#...##.....# ≈≈#♣
#...##.....# ≈≈#≈♣
#...##<....### ≈≈#♣≈P
#....☼☼....... ≈≈# P≈♣
#..##B○c....##
♣♣#♣♣♣≈♣#..##°☼#.##.#
....≈P≈........#.# .#


You could see a boulder beetle (confused) and a centaur warrior.

Vanquished Creatures
  An ugly thing (D:7)
  Sigmund (D:2)
  A yak (D:8)
  A steam dragon (D:8)
  An acid dragon (D:8)
  3 water moccasins
  A sky beast (D:7)
  2 ice beasts (D:7)
  2 black bears (D:8)
  An ogre (D:6)
  A phantom (D:7)
  4 centaurs
  A kobold brigand (D:4)
  6 bullfrogs
  A gnoll sergeant (D:7)
  3 scorpions
  A killer bee (D:8)
  2 electric eels (D:8)
  4 hounds
  2 jellies
  Crazy Yiuf (D:4)
  5 orc priests
  Jessica (D:2)
  2 iguanas
  4 orc wizards
  5 gnolls
  Robin (D:2)
  5 adders
  2 shadow imps
  A white imp (D:8)
  A dart slug (D:2)
  19 orcs
  6 bats
  6 endoplasms
  4 giant cockroaches
  11 goblins
  6 hobgoblins
  8 kobolds
  3 quokkas
  8 ball pythons
  2 frilled lizards (D:3)
  2 rats (D:1)
142 creatures vanquished.

Vanquished Creatures (others)
  A human (D:3)
  An electric eel (D:8)
  A fungus (D:4)
  9 plants (D:8)
12 creatures vanquished.

Grand Total: 154 creatures vanquished

Notes
Turn   | Place    | Note
-------+----------+-------------------------------------------
     0 | D:1      | pokeman the Deep Elf Hedge Wizard began the quest for the
                  | Orb.
     0 | D:1      | Reached XP level 1. HP: 10/10 MP: 7/7
   392 | D:1      | Reached XP level 2. HP: 16/16 MP: 7/9
   973 | D:2      | Noticed Sigmund
  1054 | D:2      | Reached skill level 5 in Spellcasting
  1194 | D:2      | Reached XP level 3. HP: 20/20 MP: 6/11
  1198 | D:2      | Learned a level 3 spell: Mephitic Cloud
  1201 | D:2      | Learned a level 2 spell: Call Imp
  1204 | D:2      | Learned a level 2 spell: Blink
  1208 | D:2      | Learned a level 3 spell: Conjure Flame
  1443 | D:2      | Noticed Robin
  1467 | D:2      | Killed Robin
  1468 | D:2      | Reached skill level 1 in Fighting
  1468 | D:2      | Reached skill level 1 in Armour
  1698 | D:2      | Killed Sigmund
  1699 | D:2      | Reached XP level 4. HP: 25/25 MP: 7/13
  1699 | D:2      | Reached XP level 5. HP: 29/29 MP: 7/14
  1957 | D:2      | Noticed Jessica
  1960 | D:2      | Killed Jessica
  1961 | D:2      | Reached skill level 5 in Conjurations
  2522 | D:3      | Reached skill level 1 in Fire Magic
  2522 | D:3      | Reached XP level 6. HP: 34/34 MP: 10/16
  2653 | D:3      | You fall into a shaft and drop 3 floors!
  2656 | D:6      | Noticed a water moccasin
  2662 | D:6      | Killed a water moccasin
  2663 | D:6      | Reached skill level 6 in Spellcasting
  2670 | D:6      | Reached skill level 1 in Air Magic
  2909 | D:6      | Reached skill level 1 in Poison Magic
  2909 | D:6      | Reached XP level 7. HP: 23/38 MP: 10/19
  2913 | D:6      | Reached skill level 7 in Spellcasting
  2915 | D:6      | Reached skill level 1 in Evocations
  2915 | D:6      | HP: 1/38 [hound (1)]
  3243 | D:5      | Entered Level 5 of the Dungeon
  3373 | D:3      | Found an ancient bone altar of Kikubaaqudgha.
  3375 | D:3      | Noticed a human
  3376 | D:3      | Killed a human
  3692 | D:3      | Found a faded altar of an unknown god.
  3941 | D:4      | Found a staircase to the Ecumenical Temple.
  3948 | Temple   | Entered the Ecumenical Temple
  4664 | D:4      | Reached skill level 8 in Spellcasting
  4673 | D:4      | Reached XP level 8. HP: 44/44 MP: 9/22
  5203 | D:4      | Found a runed translucent door.
  5204 | D:4      | Noticed Crazy Yiuf
  5238 | D:4      | Killed Crazy Yiuf
  5791 | D:5      | Found a runed translucent gate.
  5792 | D:5      | Found a runed translucent gate.
  5793 | D:5      | Found a runed translucent gate.
  5794 | D:5      | Noticed Gelos's ghost (amateur HOMo)
  6112 | D:5      | Found a white marble altar of Elyvilon.
  6115 | D:5      | Found a shadowy altar of Dithmenos.
  6127 | D:5      | Found a basalt altar of Yredelemnul.
  6139 | D:5      | Found a bloodstained altar of Trog.
  6299 | D:6      | Found a runed translucent gate.
  6299 | D:6      | Found a runed translucent gate.
  6299 | D:6      | Found a runed translucent gate.
  6300 | D:6      | Noticed IdlyInterested's ghost (novice DsGl)
  6300 | D:6      | Noticed jlumianski's ghost (novice SpDe)
  6351 | D:6      | Got the Reference Book on the Compass and Execration
  6393 | D:6      | Found a radiant altar of Vehumet.
  6398 | D:6      | Became a worshipper of Vehumet
  6456 | D:6      | Learned a level 7 spell: Orb of Destruction
  6501 | D:6      | Learned a level 1 spell: Shock
  6505 | D:6      | Learned a level 3 spell: Swiftness
  7039 | D:6      | Reached skill level 9 in Spellcasting
  7313 | D:7      | Reached skill level 10 in Spellcasting
  7424 | D:7      | Reached XP level 9. HP: 39/50 MP: 6/25
  7676 | D:7      | Noticed a purple ugly thing
  7694 | D:7      | Killed a purple ugly thing
  8341 | D:8      | Reached skill level 11 in Spellcasting
  8664 | D:8      | Found an ornate altar of the Wu Jian Council.
  8704 | D:8      | Reached skill level 5 in Fire Magic
  8780 | D:8      | Reached * piety under Vehumet
  8780 | D:8      | Offered knowledge of Foxfire by Vehumet.
  8788 | D:8      | HP: 1/50 [centaur/arrow (3)]
  9066 | D:8      | Noticed a boulder beetle
  9420 | D:8      | Reached skill level 12 in Spellcasting
  9613 | D:8      | Learned a level 1 spell: Foxfire
  9620 | D:8      | Learned a level 6 spell: Starburst
  9669 | D:8      | Identified the ring "Quvvung" {rPois Int+6 Dex+2}
  9669 | D:8      | Noticed a centaur warrior
  9673 | D:8      | HP: 2/50 [centaur warrior/arrow (3)]
  9673 | D:8      | Shot with an arrow by a centaur warrior

Illustrated notes

Levels and vault maps discovered:
D:1:      amcnicky_arrival_flooded_fountain, layout_loops_ring,
          minmay_misc_feat_square
D:2:      minmay_chambers_of_ones, layout_loops_ring, nicolae_underground_beach,
          uniq_jessica, uniq_robin, uniq_sigmund
D:3:      layout_loops_ring, tgw_kikubaaqudgha,
          hellmonk_ecumenical_altar_run_dry, grunt_ministairs_1
D:4:      layout_cave_pods, minmay_temple_entry_stoned_glass, serial_park,
          serial_park_avenue1, serial_park_paths [serial_park_minivault_5x5_6],
          minmay_ruptured, uniq_crazy_yiuf_cottage
D:5:      layout_loops_cross, grunt_temple_overflow_cloverleaf,
          gammafunk_ghost_necromancy
D:6:      layout_basic, kennysheep_little_box, gammafunk_ghost_cemetery
D:7:      layout_cave_pools, minmay_three_doors
D:8:      nzn_winding_woodlands_cross [nzn_winding_woodlands_5x15_concentric,
          nzn_winding_woodlands_5x15_lazy_stream,
          nzn_winding_woodlands_5x15_longhouse,
          nzn_winding_woodlands_5x15_sidewinder,
          nzn_winding_woodlands_15x15_eel_pit], layout_basic,
          pdpol_wu_jian_five_deadly_venoms, uniq_maurice, uniq_pikel
Temple:   grunt_temple_mini_profane

Skill      XL: |  1  2  3  4  5  6  7  8  9 |
---------------+----------------------------+-----
Spellcasting   | 5 6 8 10 12 | 12.0
Fighting       | 1 2 3 |  3.0
Armour         | 1 3 |  3.3
Conjurations   | 4 5 6 7 8 |  8.1
Fire Magic     | 1 2 4 5 |  5.7
Dodging        | 3 |  3.1
Air Magic      | 1 |  1.0
Stealth        | 3 |  3.1
Poison Magic   | 1 |  1.2
Evocations     | 1 |  1.0
Summonings     | |  1.1
Translocations | |  1.1

Action                   |  1- 3 |  4- 6 |  7- 9 || total
-------------------------+-------+-------+-------++-------
Melee: Dagger            |     5 |       |       ||     5
       Whip              |       |     7 |    57 ||    64
       Punch             |       |       |     1 ||     1
 Cast: Magic Dart        |    79 |    58 |   108 ||   245
       Mephitic Cloud    |     2 |     2 |    25 ||    29
       Conjure Flame     |     1 |     1 |    13 ||    15
       Shock             |       |       |   135 ||   135
       Call Imp          |       |       |     1 ||     1
 Stab: Confused          |     1 |     2 |     6 ||     9
       Sleeping          |       |     1 |       ||     1
Armor: Robe              |     2 |     7 |       ||     9
       Leather armour    |       |       |    28 ||    28
       Steam dragon scal |       |       |     6 ||     6
Dodge: Dodged            |    10 |    14 |    47 ||    71

Table legend: (Time is in decaauts)
 A = Elapsed time spent in this place.
 B = Non-inter-level travel time spent in this place.
 C = Inter-level travel time spent in this place.
 D = Time resting spent in this place.
 E = Time spent auto-exploring this place.
 F = Levels seen in this place.
 G = Mean time per level.
                   A        B        C        D        E       F      G
               +--------+--------+--------+--------+--------+-----+--------+
         Total |   9666 |   9394 |    272 |    968 |   7203 |   9 | 1074.0 |
       Dungeon |   9470 |   9224 |    246 |    968 |   7036 |   8 | 1183.8 |
        Temple |    196 |    170 |     26 |      0 |    167 |   1 |  196.0 |
               +--------+--------+--------+--------+--------+-----+--------+

Top non-repeatable levels by time:
     D:4: 1451 daAuts
     D:8: 1447 daAuts
     D:6: 1362 daAuts
     D:2: 1339 daAuts
     D:7: 1163 daAuts
     D:1: 1013 daAuts
     D:5: 916 daAuts
     D:3: 775 daAuts
  Temple: 196 daAuts
